 Dungeon Crawl Stone Soup version 0.30-a0-881-g1ff12e1e11 (webtiles) character file.

Game seed: 1106013939678130686

7447 Firecrotchwizard the Grappler (level 10, 0/105 (106) HPs)
             Began as a Troll Monk on Mar 15, 2023.
             Was a High Priest of Wu Jian.
             Slain by a black bear (3 damage)
             ... on level 10 of the Dungeon.
             The game lasted 00:18:07 (8379 turns).

Firecrotchwizard the Grappler (Troll Monk)          Turns: 8379, Time: 00:18:08

HP:   0/105 (106)   AC:  7    Str: 19    XL:     10   Next: 93%
MP:   9/9           EV: 10    Int:  8    God:    Wu Jian [*****.]
Gold: 324           SH:  0    Dex: 14    Spells: 7/9 levels left

rFire   . . .      SeeInvis .      - Unarmed
rCold   . . .      Faith    .    (no shield)
rNeg    . . .      Spirit   .    g - +0 steam dragon scales
rPois   .          Reflect  .    (helmet restricted)
rElec   .          Rampage  .    k - scarf {repulsion}
rCorr   .                        (gloves unavailable)
Will    .....                    (boots unavailable)
Stlth   +++                      (no amulet)
HPRegen 1.17/turn                A - ring of Vaezxadi {Str-4 Dex+2 Slay+4 Stlth+}
MPRegen 0.11/turn                (no ring)

@: exhausted, lightly drained, repel missiles
A: large, unfitting armour, claws 3, regeneration 1, shaggy fur 1, tough skin 1
a: Renounce Religion, Wall Jump, Serpent's Lash, Heavenly Storm


You were on level 10 of the Dungeon.
You worshipped Wu Jian.
Wu Jian was extremely pleased with you.
You visited 1 branch of the dungeon, and saw 10 of its levels.
You also visited: Sewer.

You collected 324 gold pieces.

Inventory:

Missiles
 d - 2 curare-tipped darts
 f - 6 boomerangs
 s - 137 stones (quivered)
 x - 10 poisoned darts
Armour
 a - a +0 robe
 g - +0 steam dragon scales (worn)
   (You found it on level 9 of the Dungeon)
 k - a scarf of repulsion (worn)
   (You found it on level 2 of the Dungeon)
 r - a +0 cloak
   (You found it on level 6 of the Dungeon)
Magical Staves
 l - a staff of poison {rPois}
   (You found it on level 2 of the Dungeon)
Jewellery
 e - a ring of positive energy {rN+}
   (You found it on level 3 of the Dungeon)
 n - an amulet of faith
   (You found it on level 6 of the Dungeon)
 A - the ring of Vaezxadi (left claw) {Str-4 Dex+2 Slay+4 Stlth+}
   (You found it on level 7 of the Dungeon)

   [ring of slaying]

   Str:       It affects your strength (-4).
   Dex:       It affects your dexterity (+2).
   Slay:      It affects your accuracy & damage with ranged weapons and melee
   (+4).
   Stlth:     It makes you more stealthy.
Wands
 j - a wand of polymorph (7)
   (You found it on level 7 of the Dungeon)
 p - a wand of paralysis (19)
   (You found it on level 5 of the Dungeon)
 q - a wand of flame (17)
   (You found it on level 8 of the Dungeon)
 y - a wand of mindburst (22)
   (You found it on level 3 of the Dungeon)
 z - a wand of light (5)
   (You found it on level 7 of the Dungeon)
Scrolls
 b - 4 scrolls of identify {@r1}
 u - a scroll of fog
 v - 2 scrolls of brand weapon
 D - 2 scrolls of blinking {!r}
 E - a scroll of butterflies
 K - 3 scrolls of immolation {!r}
 X - a scroll of magic mapping {@r4!r}
 Y - 3 scrolls of teleportation {@r3}
Potions
 c - 3 potions of attraction {!q}
 o - a potion of cancellation
 B - a potion of brilliance
 G - 2 potions of ambrosia {!q}
 H - a potion of haste
 I - 5 potions of invisibility
 J - 5 potions of curing {@q1}
 L - 2 potions of flight
 M - 2 potions of magic
 N - a potion of heal wounds {@q2}
 U - a potion of mutation {!q}


   Skills:
 + Level 8.6 Fighting
 - Level 2.4 Dodging
 - Level 1.0 Stealth
 * Level 14.0 Unarmed Combat


You had 7 spell levels left.
You knew the following spells:

 Your Spells              Type           Power      Damage    Failure   Level
b - Blink                 Tloc           0%         N/A       54%         2

Your spell library contained the following spells:

 Spells                   Type           Power      Damage    Failure   Level
 Lesser Beckoning         Tloc           0%         N/A       54%         2
 Momentum Strike          Conj/Tloc      0%         3d8       54%         2
 Dazzling Flash           Conj/Hex       0%         N/A       78%         3
 Inner Flame              Hex/Fire       0%         N/A       78%         3
 Flame Wave               Conj/Fire      0%         2d4       99%         4
 Sticky Flame             Conj/Fire      0%         2d3       99%         4
 Agony                    Necr           0%         N/A       100%        5
 Blade Hands              Tmut           0%         N/A       100%        5
 Irradiate                Conj/Tmut      0%         3d11      100%        5
 Silence                  Hex/Air        0%         N/A       100%        5
 Dragon Form              Tmut           0%         N/A       100%        7


Dungeon Overview and Level Annotations

Branches:
Dungeon (10/15)            Temple (0/1) D:5           Sewer (visited)
   Lair: D:8-11         Orc: D:9-12

Altars:
Ashenzari
Dithmenos
Nemelex Xobeh
Okawaru
Uskayaw
Vehumet
Wu Jian
Xom

Shops:
D:5 (

Annotations:
D:7 3 runed translucent doors, elongatedgoose's ghost, novice MiFi
D:9 2 transporters


Innate Abilities, Weirdness & Mutations

You are too large for most types of armour.
You have claws for hands.
Your natural rate of healing is unusually fast.
You are covered in fur. (AC +1)
You have tough skin. (AC +1)


Message History

You eviscerate the two-headed ogre!!!
The two-headed ogre hits you with a +0 giant spiked club!!
The two-headed ogre hits you with a +0 giant club!
You take 38 damage, and have 67/105 hp.
MASSIVE DAMAGE!!
You claw the two-headed ogre!
You kill the two-headed ogre!
The Council accepts your kill.
You regained 2 hp, and now have 69/106 hp.
Things that are here:
a +0 giant spiked club; a +0 giant club You regained 2 hp, and now have 74/106 hp.
s - 137 stones (gained 9)
You regained 2 hp, and now have 76/106 hp.
You start resting.
Health restored: 106 A black bear and a wight come into view.
The wight is wielding a +1 heavy halberd.
A wight comes into view. It is wielding a +3 halberd.
A wight comes into view. It is wielding a +3 hand axe.
The wight closely misses you.
A gargoyle comes into view. It is wielding a +0 flail.
The black bear growls angrily.
The wight closely misses you.
A wight comes into view. It is wielding a +3 falchion.
You spin and attack the wight.
You scratch the wight but do no damage. The wight closely misses you.
A wight comes into view. It is wielding a +0 dire flail.
You see here a ring of fire {rF+, rC-}.
You spin and attack the wight repeatedly.
You mangle the wight!!
You destroy the wight!
The Council accepts your kill.
The gargoyle hurls a stone arrow at you.
The stone arrow misses you. The wight completely misses you.
You claw the wight! The wight hits you with a +3 halberd!
The wight hits you with a +3 hand axe.
You take 14 damage, and have 92/106 hp.
You mangle the wight!!
You destroy the wight!
The Council accepts your kill. The wight hits you with a +3 halberd.
You take 1 damage, and have 91/106 hp.
You spin and attack the black bear.
You scratch the black bear.
You spin and attack the wight repeatedly.
You claw the wight! You scratch the wight.
You destroy the wight!
The Council accepts your kill. The wight hits you with a +3 falchion!
You feel drained. The black bear bites you. The black bear closely misses you.
The black bear claws you but does no damage.
You take 12 damage, and have 79/105 hp.
You spin and attack the black bear repeatedly.
You claw the black bear! You scratch the black bear.
You spin and attack the gargoyle.
You barely miss the gargoyle. The gargoyle hits you with a +0 flail!!
The black bear bites you.
The black bear claws you but does no damage. x2
You take 28 damage, and have 51/105 hp.
MASSIVE DAMAGE!!
Your muscles tense, ready for explosive movement...
You spin and attack the gargoyle, with incredible momentum.
You scratch the gargoyle but do no damage.
Things that are here:
a +3 hand axe; a +0 robe
Found a stone staircase leading up.
You spin and attack the gargoyle, with incredible momentum.
You scratch the gargoyle but do no damage.
You spin and attack the wight, with incredible momentum.
You scratch the wight.
Your supernatural speed expires.
You claw the gargoyle!
You claw the gargoyle, but do no damage.
The gargoyle barely misses you.
The black bear goes berserk!
The wight hits you with a +0 dire flail!
You take 12 damage, and have 39/105 hp.
You claw the gargoyle! You completely miss the gargoyle.
You claw the gargoyle, but do no damage.
The gargoyle hurls a stone arrow at you.
The stone arrow hits you!
* * * LOW HITPOINT WARNING * * *
The wight barely misses you.
The black bear rages.
You take 13 damage, and have 27/105 hp.
You scratch the gargoyle.
You destroy the gargoyle!
The Council accepts your kill. The black bear bites you!
* * * LOW HITPOINT WARNING * * *
The black bear claws you but does no damage. x2
The wight closely misses you. The wight hits you with a +3 falchion!
* * * LOW HITPOINT WARNING * * *
You feel drained.
* * * LOW HITPOINT WARNING * * *
Your Unarmed Combat skill increases to level 14!
You take 25 damage, and have 2/105 hp.
MASSIVE DAMAGE!!
You barely miss the black bear. The black bear bites you.
You die...

#...........P..
###.............P
................P
###..........P..
#............
#...)=......P
#..........PP
#..h)......PP
#..@z..!...PP
#...z......P.
............PP.
####........P..P
#..........P.
#...........P
#............
#....<.....


You could see a black bear (berserk) and 2 wights.

Vanquished Creatures
  The ghost of ytrimaz the Fighter, a novice OgBe of Trog (D:8)
  A two-headed ogre (D:10)
  A gargoyle (D:10)
  A komodo dragon (D:9)
  A hornet (D:9)
  A wraith (D:6)
  3 vampire mosquitoes (D:9)
  3 steam dragons
  An acid dragon (D:9)
  Duvessa (D:7)
  3 water moccasins
  A sky beast (D:7)
  An ice beast (D:5)
  2 ogres
  A centaur (D:8)
  2 phantoms
  A kobold brigand (D:9)
  6 bullfrogs
  2 gnoll sergeants
  4 scorpions
  20 wights
  Dowan (D:7)
  6 killer bees
  A howler monkey (D:7)
  2 hounds (D:5)
  6 jellies
  2 gnoll boudas
  8 orc priests
  5 iguanas
  3 sleepcaps
  Natasha (D:2)
  3 orc wizards
  13 adders
  16 gnolls
  A river rat (Sewer)
  2 shadow imps
  2 white imps
  An ufetubus (D:6)
  A worm (Sewer)
  3 dart slugs
  13 orcs
  8 bats
  22 endoplasms
  11 giant cockroaches
  9 goblins
  8 hobgoblins
  7 quokkas
  8 ball pythons
  9 frilled lizards
  20 kobolds
  11 rats
260 creatures vanquished.

Vanquished Creatures (others)
  An orc (D:7)
  11 fungi (D:10)
  11 plants
23 creatures vanquished.

Grand Total: 283 creatures vanquished

Notes
Turn   | Place    | Note
-------+----------+-------------------------------------------
     0 | D:1      | Firecrotchwizard the Troll Monk began the quest for the
                  | Orb.
     0 | D:1      | Reached XP level 1. HP: 22/22 MP: 0/0
    76 | D:1      | Reached XP level 2. HP: 29/29 MP: 1/1
   590 | D:1      | Reached XP level 3. HP: 36/36 MP: 2/2
   987 | D:2      | Reached skill level 4 in Unarmed Combat
  1251 | D:2      | Found an ornate altar of the Wu Jian Council.
  1265 | D:2      | Became a worshipper of the Wu Jian Council
  1265 | D:2      | Reached * piety under Wu Jian
  1265 | D:2      | Reached ** piety under Wu Jian
  1580 | D:2      | Noticed Natasha
  1581 | D:2      | Killed Natasha
  1582 | D:2      | Reached skill level 3 in Fighting
  1582 | D:2      | Reached XP level 4. HP: 45/45 MP: 3/3
  2242 | D:4      | Reached XP level 5. HP: 53/53 MP: 4/4
  2247 | D:4      | Reached skill level 5 in Unarmed Combat
  2269 | D:4      | Identified the +6 mace of a treasure trove {heavy, rElec
                  | rPois rC-}
  2663 | D:4      | Reached XP level 6. HP: 62/62 MP: 5/5
  3453 | D:5      | Entered Level 5 of the Dungeon
  3457 | D:5      | Found a broken altar of Ashenzari.
  3465 | D:5      | Reached skill level 6 in Unarmed Combat
  3496 | D:5      | Found a shimmering altar of Xom.
  3519 | D:4      | HP: 15/62 [scorpion (4)]
  3521 | D:4      | Reached skill level 4 in Fighting
  3600 | D:5      | Reached XP level 7. HP: 62/70 MP: 6/6
  3618 | D:5      | Reached *** piety under Wu Jian
  3619 | D:5      | Reached skill level 7 in Unarmed Combat
  3684 | D:5      | Found a hide-covered altar of Uskayaw.
  3780 | D:5      | Reached skill level 8 in Unarmed Combat
  3792 | D:5      | Reached skill level 5 in Fighting
  3797 | D:5      | Reached XP level 8. HP: 53/80 MP: 7/7
  3888 | D:5      | Found a glowing drain.
  3905 | Sewer    | Entered a sewer
  4007 | Sewer    | Reached **** piety under Wu Jian
  4017 | Sewer    | Found a viscous altar of Jiyva.
  4151 | D:5      | Found Qiclovud's Weapon Shop.
  4208 | D:5      | Found a staircase to the Ecumenical Temple.
  4367 | D:5      | Reached skill level 9 in Unarmed Combat
  4770 | D:6      | Reached skill level 6 in Fighting
  4994 | D:6      | Reached skill level 10 in Unarmed Combat
  5014 | D:6      | Reached XP level 9. HP: 77/89 MP: 8/8
  5570 | D:6      | HP: 16/91 [gnoll sergeant/+0 trident (17)]
  5644 | D:7      | Learned a level 2 spell: Blink
  5649 | D:7      | Noticed Duvessa
  5649 | D:7      | Noticed Dowan
  5723 | D:7      | Found a radiant altar of Vehumet.
  5918 | D:7      | Reached skill level 11 in Unarmed Combat
  6017 | D:7      | Found a runed translucent gate.
  6021 | D:7      | Found a runed translucent gate.
  6022 | D:7      | Found a runed translucent gate.
  6092 | D:7      | Killed Dowan
  6100 | D:7      | Killed Duvessa
  6101 | D:7      | Reached skill level 7 in Fighting
  6171 | D:7      | Noticed elongatedgoose's ghost (novice MiFi)
  6297 | D:7      | Identified the ring of Vaezxadi {Str-4 Dex+2 Slay+4 Stlth+}
  6318 | D:7      | Reached ***** piety under Wu Jian
  6557 | D:8      | Found a sparkling altar of Nemelex Xobeh.
  6592 | D:8      | Reached skill level 12 in Unarmed Combat
  6784 | D:8      | Reached XP level 10. HP: 100/101 MP: 9/9
  6878 | D:8      | Found an iron altar of Okawaru.
  6922 | D:8      | Identified the +4 ring mail "Giam" {rN+}
  7093 | D:8      | Found a runed translucent door.
  7099 | D:8      | Noticed ytrimaz's ghost (novice OgBe)
  7357 | D:8      | Killed ytrimaz's ghost
  7486 | D:9      | Found a transporter.
  7487 | D:9      | Noticed a tengu warrior
  7488 | D:9      | Noticed a centaur warrior
  7489 | D:9      | Noticed a green ugly thing
  7490 | D:9      | Noticed a brown ugly thing
  7510 | D:9      | Noticed a manticore
  7574 | D:9      | Reached skill level 13 in Unarmed Combat
  7663 | D:9      | Reached skill level 8 in Fighting
  7825 | D:9      | Found a transporter.
  7872 | D:9      | Found a shadowy altar of Dithmenos.
  8090 | D:9      | Paralysed by a hornet for 3 turns
  8322 | D:10     | Entered Level 10 of the Dungeon
  8322 | D:10     | Noticed a two-headed ogre
  8330 | D:10     | Killed a two-headed ogre
  8368 | D:10     | Noticed a gargoyle
  8378 | D:10     | Killed a gargoyle
  8378 | D:10     | HP: 18/105 [black bear (10)]
  8378 | D:10     | HP: 6/105 [wight/+3 falchion (12)]
  8378 | D:10     | HP: 2/102 [wight/+3 falchion (4)]
  8379 | D:10     | Reached skill level 14 in Unarmed Combat
  8379 | D:10     | Slain by a black bear

Illustrated notes

Levels and vault maps discovered:
D:1:      dpeg_arrival_subterranean_lakeside_camping, layout_basic,
          chequers_serial_rivers_small_b
D:2:      layout_loops_cross, basic_altar, nrook_loot_triangle,
          minmay_diced_spiral, uniq_natasha
D:3:      layout_basic
D:4:      layout_layer_cave, serial_forest, infiniplex_forest_join,
          infiniplex_forest_lined_3, infiniplex_forest_clump_double,
          infiniplex_forest_corner_2, infiniplex_forest_clump_double,
          infiniplex_forest_zigzag_2, infiniplex_forest_corner_1,
          infiniplex_forest_end_2
D:5:      layout_loops_ring, ashenzari_altar_1, nicolae_uskayaw_suspiria,
          xom_confusion_cloud, minmay_temple_entry_hall, serial_shops,
          shop_fountains, gup_sewer_entry_pipe, serial_bayou_pond_c
D:6:      layout_loops_ring
D:7:      layout_loops_ring, nicolae_vehumet_altar_sigil, gammafunk_ghost_icy,
          uniq_duvessa
D:8:      layout_gridville, kennysheep_mini_moat, mainiacjoe_overflow_brackets,
          ebering_ghost_reflecting_pool
D:9:      gammafunk_sealed_arena, layout_irregular_city, lemuel_crystal_altar
D:10:     layout_small_grid, nicolae_ru_awakened_eye, grunt_qazlal_sundering,
          zin_statuary, due_lair_maze_entry_diamond, erik_orc_1, serial_rivers,
          chequers_serial_rivers_large_b, chequers_serial_rivers_micro_d,
          chequers_serial_rivers_small_a, chequers_serial_rivers_room_b,
          chequers_serial_rivers_small_3, serial_shops, nicolae_stop_n_shop_2,
          uniq_fannar

Skill      XL: |  1  2  3  4  5  6  7  8  9 10 |
---------------+-------------------------------+-----
Unarmed Combat | 4 5 6 8 10 12 14 | 14.0
Fighting       | 3 4 5 6 7 8 |  8.6
Dodging        | |  2.4
Stealth        | |  1.0

Action                     |  1- 3 |  4- 6 |  7- 9 | 10-12 || total
---------------------------+-------+-------+-------+-------++-------
  Melee: Unarmed           |   114 |   132 |   348 |   110 ||   704
         Punch             |     1 |     3 |    19 |    11 ||    34
 Invoke: Serpent's Lash    |       |       |       |     1 ||     1
Ability: Lunge             |     2 |    12 |    25 |    10 ||    49
         Whirlwind         |       |    25 |    64 |    37 ||   126
    Use: Scroll            |       |     5 |     5 |    10 ||    20
   Stab: Sleeping          |     6 |     2 |     5 |     5 ||    18
 Armour: Robe              |    25 |    32 |    53 |     8 ||   118
         Steam dragon scal |       |       |       |    12 ||    12
  Dodge: Dodged            |    54 |    48 |   110 |    43 ||   255
         Repelled          |       |       |     4 |       ||     4

Table legend: (Time is in decaauts)
 A = Elapsed time spent in this place.
 B = Non-inter-level travel time spent in this place.
 C = Inter-level travel time spent in this place.
 D = Time resting spent in this place.
 E = Time spent auto-exploring this place.
 F = Levels seen in this place.
 G = Mean time per level.
                   A        B        C        D        E       F      G
               +--------+--------+--------+--------+--------+-----+--------+
         Total |   8318 |   7917 |    401 |    379 |   5967 |  11 |  756.2 |
       Dungeon |   8094 |   7693 |    401 |    379 |   5871 |  10 |  809.4 |
         Sewer |    224 |    224 |      0 |      0 |     96 |   1 |  224.0 |
               +--------+--------+--------+--------+--------+-----+--------+

Top non-repeatable levels by time:
     D:4: 1298 daAuts
     D:6: 1080 daAuts
     D:8: 948 daAuts
     D:9: 851 daAuts
     D:2: 838 daAuts
     D:5: 829 daAuts
     D:1: 828 daAuts
     D:7: 818 daAuts
     D:3: 546 daAuts
   Sewer: 224 daAuts
    D:10: 55 daAuts

Table legend:
 A = Kills in this place as a percentage of kills in the entire game.
 B = Kills by you in this place as a percentage of kills by you in the entire game.
 C = Kills by friends in this place as a percentage of kills by friends in the entire game.
 D = Other kills in this place as a percentage of other kills in the entire game.
 E = Experience gained in this place as a percentage of experience gained in the entire game.
 F = Experience gained in this place divided by the number of levels of this place that you have seen.
                   A       B       C       D       E      F
               +-------+-------+-------+-------+-------+----------------------
         Total | 100.0 | 100.0 |   N/A |   N/A | 100.0 | 967.2
       Dungeon |  89.6 |  89.6 |   N/A |   N/A |  98.1 | 1043.4
         Sewer |  10.4 |  10.4 |   N/A |   N/A |   1.9 | 205.0
               +-------+-------+-------+-------+-------+----------------------
